 Dungeon Crawl Stone Soup version 0.29-a0-378-gc08b2e8bf8 (webtiles) character file.

Game seed: 9841408263079932294

353 Antichthon the Cudgeller (level 6, 0/38 HPs)
             Began as a Gargoyle Fighter on May 4, 2022.
             Killed from afar by an orc wizard (1 damage)
             ... with a puff of flame
             ... on level 4 of the Dungeon.
             The game lasted 00:06:12 (3196 turns).

Antichthon the Cudgeller (Gargoyle Fighter)         Turns: 3196, Time: 00:06:13

Health: 0/38       AC: 18    Str: 20    XL:     6   Next: 62%
Magic:  7/7        EV:  7    Int: 10    God:
Gold:   86         SH:  4    Dex:  9    Spells: 5/5 levels left

rFire   . . .      SeeInvis +   a - +1 flail
rCold   . . .      Faith    .   c - +0 buckler
rNeg    + . .      Spirit   .   n - +1 chain mail
rPois   ∞          Reflect  .   (no helmet)
rElec   +          Harm     .   (no cloak)
rCorr   .          Rampage  .   (no gloves)
Will    .....                   l - +2 pair of boots
Stlth   ..........              (no amulet)
HPRegen 0.12/turn               i - ring of see invisible
MPRegen 0.10/turn               (no ring)

@: no status effects
A: sickness immunity, AC +4, negative energy resistance 1, electricity
resistance, torment resistance 1, petrification resistance
a: no special abilities


You were on level 4 of the Dungeon.
You visited 1 branch of the dungeon, and saw 4 of its levels.

You collected 86 gold pieces.

Inventory:

Hand Weapons
 a - a +1 flail (weapon)
Armour
 c - a +0 buckler (worn)
 l - a +2 pair of boots (worn)
 n - a +1 chain mail (worn)
Jewellery
 b - a ring of magical power
 i - a ring of see invisible (left hand)
Wands
 e - a wand of flame (21)
Scrolls
 g - a scroll of immolation
 m - a scroll of enchant armour
Potions
 d - 2 potions of might
 f - a potion of berserk rage {unknown}
 h - a potion of cancellation {unknown}
 j - 4 potions of heal wounds
 k - 2 potions of mutation {unknown}


   Skills:
 * Level 4.0 Fighting
 * Level 4.6 Maces & Flails
 * Level 4.3 Armour
 * Level 1.1 Dodging
 * Level 4.0 Shields
 * Level 2.1 Invocations


You had 5 spell levels left.
You didn't know any spells.
Your spell library contained the following spells:

 Spells                   Type           Power      Damage    Failure   Level
 Conjure Flame            Conj/Fire      0%         6-21      100%        3
 Ignite Poison            Fire/Tmut/Pois 0%         N/A       100%        3
 Sticky Flame             Conj/Fire      0%         2d3       100%        4


Dungeon Overview and Level Annotations

Branches:
Dungeon (4/15)
 Temple: D:4-7

Altars:
Kikubaaqudgha

Shops:
D:1 :

Annotations:
D:2 1 runed translucent door, Crazy Yiuf


Innate Abilities, Weirdness & Mutations

You are immune to sickness and miasma.
Your stone body is resilient. (AC +4)
You are immune to poison.
You resist negative energy. (rN+)
You are resistant to electric shocks. (rElec)
You are resistant to unholy torment.
You are immune to petrification.


Message History

The slug dart misses you.
Things that are here:
a +0 falchion; a scroll of identify; a +0 club You hit the orc.
The orc is heavily wounded.
The dart slug launches a dart at you. The slug dart misses you.
The orc hits you but does no damage.
You hit the orc.
You kill the orc!
The dart slug launches a dart at you. The slug dart hits you.
Things that are here:
a +0 club; an orc corpse You sock the dart slug!
You kill the dart slug!
You see here a dart slug corpse.
You hear the hiss of a very distant avalanche of sand.
Found 18 gold pieces.
An orc wizard comes into view. It is wielding a +0 dagger.
The orc wizard shouts!
An orc priest comes into view. It is wielding a +0 club.
The orc wizard gestures at you while chanting.
The magic dart hits you but does no damage.
An orc comes into view. It is wielding a +0 whip.
The orc shouts!
You sock the orc priest!
The orc priest is heavily wounded.
The orc priest hits you but does no damage.
The orc wizard hits you but does no damage.
You hit the orc priest.
The orc priest is severely wounded.
You closely miss the orc.
The orc wizard hits you but does no damage.
You closely miss the orc.
The orc priest mumbles some strange prayers to Beogh against you.
Beogh smites you!
* * * LOW HITPOINT WARNING * * *
The orc wizard casts a spell at you. The puff of flame hits you.
You die...

........##..#.#####
..............# #
###.....####..## .##.
#.............#####...
##.###...............#
.......######....#...###
#..........##..#........
...#######......oo......
..># ####.#.@o...## ..##
#.#..#.....# ..#
#.......##.# #..
#.$###..# ##.# #..# ..#
.# #..# .# .. #.## .. ##
..


You could see an orc priest, an orc wizard and an orc.

Vanquished Creatures
  Menkaure (D:4)
  A necrophage (D:4)
  4 gnolls (D:3)
  4 adders
  2 worms
  4 dart slugs
  5 orcs (D:4)
  5 ball pythons
  10 bats
  5 endoplasms
  5 giant cockroaches
  7 goblins
  2 hobgoblins
  6 jackals (D:2)
  3 quokkas
  A frilled lizard (D:2)
  6 kobolds
  9 rats
80 creatures vanquished.

Vanquished Creatures (others)
  2 fungi (D:2)
  4 plants (D:2)
6 creatures vanquished.

Grand Total: 86 creatures vanquished

Notes
Turn   | Place    | Note
-------+----------+-------------------------------------------
     0 | D:1      | Antichthon the Gargoyle Fighter began the quest for the
                  | Orb.
     0 | D:1      | Reached XP level 1. HP: 14/14 MP: 1/1
    85 | D:1      | Reached XP level 2. HP: 15/19 MP: 2/2
   227 | D:1      | Found a faded altar of an unknown god.
   516 | D:1      | Reached XP level 3. HP: 22/23 MP: 3/3
   550 | D:1      | Found Usmuh's Book Shoppe.
  1012 | D:2      | Found a runed translucent door.
  1013 | D:2      | Noticed Crazy Yiuf
  1510 | D:2      | Reached skill level 1 in Invocations
  1536 | D:2      | Reached XP level 4. HP: 7/28 MP: 4/4
  2548 | D:3      | Found an ancient bone altar of Kikubaaqudgha.
  2818 | D:3      | Reached XP level 5. HP: 33/33 MP: 6/6
  3108 | D:4      | Noticed Menkaure
  3130 | D:4      | Reached XP level 6. HP: 25/38 MP: 7/7
  3137 | D:4      | Killed Menkaure
  3138 | D:4      | Reached skill level 1 in Dodging
  3150 | D:4      | Identified the +3 leather armour of Dithmenos's Reproof
                  | {Rampage *Corrode *Slow rElec}
  3196 | D:4      | HP: 1/38 [orc priest/divine providence (15)]
  3196 | D:4      | Killed from afar by an orc wizard

Illustrated notes

Levels and vault maps discovered:
D:1:      dpeg_arrival_pits, layout_loops_ring,
          hellmonk_ecumenical_altar_blasted, serial_shops, shop, minivault_14
D:2:      layout_basic, serial_bayou_pond_c, uniq_crazy_yiuf_cottage
D:3:      layout_basic, mainiacjoe_overflow_boulevard
D:4:      layout_rooms, enter_ossuary_4, uniq_pikel, uniq_menkaure, uniq_duvessa

Skill      XL: |  1  2  3  4  5  6 |
---------------+-------------------+-----
Invocations    | 1 2 |  2.1
Maces & Flails | 3 4 |  4.6
Armour         | 4 |  4.3
Fighting       | 4 |  4.0
Dodging        | 1 |  1.1
Shields        | 4 |  4.0

Action                   |  1- 3 |  4- 6 || total
-------------------------+-------+-------++-------
Melee: Flail             |   122 |   129 ||   251
  Use: Scroll            |     5 |     3 ||     8
Armor: Scale mail        |   108 |    30 ||   138
       Chain mail        |       |    43 ||    43
Dodge: Dodged            |   130 |    64 ||   194
Block: Buckler           |    39 |    28 ||    67

Table legend: (Time is in decaauts)
 A = Elapsed time spent in this place.
 B = Non-inter-level travel time spent in this place.
 C = Inter-level travel time spent in this place.
 D = Time resting spent in this place.
 E = Time spent auto-exploring this place.
 F = Levels seen in this place.
 G = Mean time per level.
                   A        B        C        D        E       F      G
               +--------+--------+--------+--------+--------+-----+--------+
         Total |   3274 |   3181 |     93 |      0 |   2420 |   4 |  818.5 |
       Dungeon |   3274 |   3181 |     93 |      0 |   2420 |   4 |  818.5 |
               +--------+--------+--------+--------+--------+-----+--------+

Top non-repeatable levels by time:
     D:2: 1589 daAuts
     D:1: 946 daAuts
     D:3: 575 daAuts
     D:4: 163 daAuts
